 Dungeon Crawl Stone Soup version 0.30-a0-1114-gd936c97349 (webtiles) character file.

Game seed: 5025099837583044749

7304 kae the Transmogrifier (level 10, -24/97 HPs)
             Began as a Black Draconian Transmuter on Apr 20, 2023.
             Was an Initiate of Ru.
             Killed from afar by an ogre mage (28 damage)
             ... with a bolt of magma
             ... on level 9 of the Dungeon.
             The game lasted 00:09:41 (10525 turns).

kae the Transmogrifier (DrTm)                      Turns: 10525, Time: 00:09:42

Health: -24/97     AC:  8    Str: 19    XL:     10   Next: 90%
Magic:  18/20      EV: 11    Int: 17    God:    Ru [......]
Gold:   382        SH:  0    Dex: 12    Spells: 13/23 levels left

rFire   x . .      SeeInvis .      - Unarmed
rCold   + + +      Faith    .    (shield currently unavailable)
rNeg    + . .      Spirit   .    (body armour unavailable)
rPois   +          Reflect  .    (helmet currently unavailable)
rElec   .          Rampage  .    (cloak currently unavailable)
rCorr   .                        (gloves currently unavailable)
Will    .....                    (boots currently unavailable)
Stlth   +                        (no amulet)
HPRegen 0.36/turn                S - +6 ring of strength
MPRegen 0.17/turn                N - ring of positive energy

@: ice-form
A: freezing attack, amphibious, boosted hp, (breathe lightning), AC +7, large,
unfitting armour, (electricity resistance), (cold-blooded)
a: End Transformation, Renounce Religion


You were on level 9 of the Dungeon.
You worshipped Ru.
Ru was noncommittal.
You were a creature of crystalline ice.
You visited 2 branches of the dungeon, and saw 10 of its levels.

You collected 442 gold pieces.
You spent 60 gold pieces at shops.


Innate Abilities, Weirdness & Mutations

You are a creature of crystalline ice.
You have a powerful freezing melee attack.
You are amphibious.
Your maximum health is increased.
Your armour is entirely melded.
You are incapable of wielding weapons or throwing items.
((You can breathe wild blasts of lightning.))
((Your glossy black scales are hard. (AC +7)))
You cannot fit into any form of body armour.
((You are resistant to electric shocks. (rElec)))
((You are cold-blooded and may be slowed by cold attacks.))


   Skills:
 + Level 5.4 Fighting
 + Level 4.8 Dodging
 * Level 7.8 Unarmed Combat
 + Level 7.0 Spellcasting
 + Level 9.4 Transmutations
 - Level 6.0 Ice Magic
 - Level 2.5 Poison Magic


You had 13 spell levels left.
You knew the following spells:

 Your Spells              Type           Power      Damage    Failure   Level
a - Beastly Appendage     Tmut           76%        N/A       1%          1
b - Wereblood             Tmut           38%        N/A       1%          2
c - Spider Form           Tmut/Pois      26%        N/A       3%          3
d - Ice Form              Ice/Tmut       32%        N/A       4%          4

Your spell library contained the following spells:

 Spells                   Type           Power      Damage    Failure   Level
 Blade Hands              Tmut           19%        N/A       7%          5
 Poisonous Vapours        Pois/Air       20%        N/A       11%         2
 Magic Dart               Conj           20%        1d4       12%         1
 Slow                     Hex            20%        N/A       12%         1
 Searing Ray              Conj           10%        2d4       17%         2
 Mephitic Cloud           Conj/Pois/Air  8%         N/A       24%         3
 Confusing Touch          Hex            5%         N/A       34%         3
 Gell's Gravitas          Tloc           5%         N/A       34%         3
 Inner Flame              Hex/Fire       5%         N/A       34%         3
 Summon Guardian Golem    Hex/Summ       5%         N/A       34%         3
 Teleport Other           Tloc           5%         N/A       34%         3
 Vampiric Draining        Necr           5%         2d6       34%         3
 Irradiate                Conj/Tmut      11%        3d15      43%         5
 Flame Wave               Conj/Fire      5%         2d5       75%         4
 Fulminant Prism          Conj/Hex       2%         3d5       75%         4
 Sticky Flame             Conj/Fire      5%         2d3       75%         4
 Freezing Cloud           Conj/Ice/Air   6%         6-21      80%         5
 Dragon Form              Tmut           19%        N/A       90%         7
 Dispersal                Tloc           2%         N/A       100%        6
 Orb of Destruction       Conj           2%         9d5       100%        7
 Spellforged Servitor     Conj/Summ      2%         N/A       100%        7

Inventory:

Missiles
 c - 65 stones
 e - 3 boomerangs
 n - 28 poisoned darts
 p - 3 boomerangs of dispersal {=f!f}
 t - 2 throwing nets {=f!f}
Jewellery
 L - a ring of flight
   (You found it on level 4 of the Dungeon)
 N - a ring of positive energy (right front paw)
   (You found it on level 2 of the Dungeon)
 S - a +6 ring of strength (left front paw)
   (You found it on level 1 of the Dungeon)
 T - an amulet of faith {!P}
   (You found it on level 1 of the Dungeon)
 W - a ring of magical power
   (You found it on level 5 of the Dungeon)
Wands
 b - a wand of paralysis (7)
   (You found it on level 8 of the Dungeon)
 h - a wand of roots (4)
   (You found it on level 2 of the Dungeon)
 i - a wand of digging (7)
   (You took it off a goblin on level 4 of the Dungeon)
 s - a wand of polymorph (16)
   (You found it on level 4 of the Dungeon)
 x - a wand of acid (5)
   (You found it on level 9 of the Dungeon)
Scrolls
 j - a scroll of enchant armour
 k - 2 scrolls of teleportation {@r4}
 l - 2 scrolls of enchant weapon
 m - 4 scrolls of poison {!r}
 u - 2 scrolls of immolation {!r!r}
Potions
 a - a potion of lignification {!q}
 d - 2 potions of attraction {!q}
 f - 2 potions of might
 g - a potion of flight
 o - 3 potions of brilliance
 q - 2 potions of cancellation
 r - a potion of haste {@q3}
 v - 2 potions of invisibility
 w - a potion of curing {@q1}

Dungeon Overview and Level Annotations

Branches:
Dungeon (9/15) Zot: 25215  Temple (1/1) D:4 Zot: 5758
   Lair: D:8-11         Orc: D:9-12

Altars:
Ashenzari
Cheibriados
Dithmenos
Elyvilon
Fedhas
Gozag
Hepliaklqana
Kikubaaqudgha
Makhleb
Nemelex Xobeh
Okawaru
Qazlal
Ru
Sif Muna
Trog
Uskayaw
Vehumet
Wu Jian
Xom
Yredelemnul
Zin
The Shining One

Shops:
D:2 ([[= D:9

?
.....##..............######......
###......##########..# #......
##.......# #..#..# #......
##..##...# '^.#..# #......
....##...# #'##..# #######
###.####.# #..#..# .##'####.#
#y.#.+## #
.........#######{##...# #
.........#..'..'YK#...# ###
.......)))..#..#..#...# ###..
.......#.##########...# #...#
.......#..............# #.###
.......##.##....#.....#######.###
.#..##.##.##......##.##.........#
.#..##.##.##....#.##.##...P._.P..
.#..##.##.##....#.....#.#........
.#[.##.##.................###.#..


You could see a killer bee (ally target) and a friendly kobold brigand
(summoned).


Message History

You warm up again.
There is an open door, spattered with blood here.
You see here a +0 spear.
There is an open door here.
The ogre mage shouts!
You hear an angry buzzing noise.
You hear a shout! x2
There is an open door here.
Key pressed, stopping explore.
You see here a +0 shortbow.
Unknown command. 😎 HP[-16]
You now have 81 max hp (-16).
Could not explore, unopened runed door.
Could not explore, unopened runed door.
Could not explore, unopened runed door.
As you read the scroll labelled WIEKAOCSUA, it crumbles to dust.
Wisps of shadow whirl around you...
It was a scroll of summoning.
As you read the scroll of identify {@r1}, it crumbles to dust.
f - 2 potions of might You open the door.
The ogre mage hits your hornet with a +0 club.
Your hornet barely misses the ogre mage.
The manticore flicks its tail.
The volley of spikes hits your hornet!
Your hornet stings the manticore!
The manticore seems to slow down.
The ogre mage gestures wildly while chanting.
The ogre mage flickers and vanishes!
Deactivating autopickup; reactivate with Ctrl-A.
Casting: Ice Form (dangerous; 4% risk of failure)
Confirm with . or Enter, or press ? or * to list all spells.
You turn into a creature of crystalline ice.
Your hornet stings something.
The manticore flicks its tail.
The volley of spikes hits your hornet! Something hits your hornet.
Your hornet dies!
Your hornet's corpse dissolves into shadows!
The manticore is no longer moving slowly.
The manticore flicks its tail.
The volley of spikes hits your kobold!!
Your kobold dies!
Your kobold's corpse dissolves into shadows! 😎 HP[+16] MP[-4]
You now have 97 max hp (+16).
Your hp is fully restored (97).
You lost 4 mp, and now have 16/20 mp.
You completely miss the manticore. The manticore bites you!
The manticore barely misses you. x2
Something barely misses your kobold brigand. 😕 HP[-11]
You take 11 damage, and now have 86/97 hp.
You hit the manticore. You freeze the manticore.
Your kobold hits the manticore but does no damage. x2
Your kobold brigand hits the manticore with a +0 club.
The manticore bites you! The manticore claws you.
The manticore misses you. 😕 HP[-8] MP[+1]
You take 8 damage, and now have 78/97 hp.
You punch the manticore! You freeze the manticore.
Your kobold brigand barely misses the manticore.
Your kobold hits the manticore but does no damage.
Your kobold hits the manticore with a +0 short sword.
Something hits your kobold!
Your kobold dies!
Your kobold's corpse dissolves into shadows!
You punch the manticore! You freeze the manticore. The manticore bites you!!
The manticore claws you. x2
Your kobold brigand hits the manticore with a +0 club.
The manticore dies!
Your Spellcasting skill increases to level 7! 😮 HP[-26]
You take 26 damage, and now have 52/97 hp.
MASSIVE DAMAGE!! (PAUSE) Unknown command.
You swap places.
Something hits you.
Your kobold brigand completely misses something.
Things that are here:
a +0 shortbow; a manticore corpse; 😮 HP[-3]
You take 3 damage, and now have 49/97 hp.
You barely miss something.
Your kobold throws a stone.
Your kobold brigand hits something with a +0 club.
You pummel something!! You freeze something!
You hear some strange, mumbled words.
You suddenly lose the ability to move!
Your kobold completely misses something.
Your kobold brigand barely misses something.
You hear some strange, mumbled words.
A bolt of magma appears from out of thin air!
The bolt of magma hits you!!! The lava burns you terribly!
* * * LOW HITPOINT WARNING * * *
Your kobold throws a stone.
Your kobold brigand hits something with a +0 club.
Your kobold dissolves into shadows!
Something hits your kobold brigand!
Your kobold brigand barely misses something.
Something hits your kobold brigand!
Your kobold brigand hits something with a +0 club.
Your kobold brigand throws a poisoned dart.
You can move again.
You hit something. You freeze something.
You hear some strange, mumbled words.
A bolt of magma appears from out of thin air!
The bolt of magma hits you!! The lava burns you terribly!
You die...

Skill      XL: |  1  2  3  4  5  6  7  8  9 10 |
---------------+-------------------------------+-----
Poison Magic   | 1 2 |  2.5
Transmutations | 3 4 5 6 7 8 9 |  9.4
Ice Magic      | 2 3 4 6 |  6.0
Spellcasting   | 3 4 5 6 7 |  7.0
Dodging        | 3 4 |  4.8
Unarmed Combat | 5 7 |  7.8
Fighting       | 3 5 |  5.4

Action                     |  1- 3 |  4- 6 |  7- 9 | 10-12 || total
---------------------------+-------+-------+-------+-------++-------
  Melee: Unarmed           |   117 |   111 |   374 |   115 ||   717
         Kick              |    20 |     4 |       |       ||    24
         Tailslap          |    10 |     4 |     4 |     1 ||    19
         Headbutt          |    11 |     5 |       |       ||    16
         Punch             |     2 |       |       |     1 ||     3
   Cast: Beastly Appendage |    26 |     4 |       |       ||    30
         Spider Form       |     1 |    11 |    13 |       ||    25
         Wereblood         |       |     2 |    14 |     6 ||    22
         Ice Form          |       |       |    30 |    16 ||    46
Ability: Breathe Lightning |       |       |     1 |       ||     1
    Use: Scroll            |     3 |     5 |     7 |     7 ||    22
         Potion            |       |       |     3 |       ||     3
   Stab: Distracted        |       |     1 |       |       ||     1
 Armour: Skin              |    29 |    10 |   129 |    36 ||   204
  Dodge: Dodged            |    79 |    73 |   216 |    57 ||   425

Levels and vault maps discovered:
D:1:      tekkud_arrival_beachfront_property, layout_basic, corner_web_ring
D:2:      layout_rooms, serial_shops, nicolae_shop_tiny_waterfront, shop, shop,
          shop, minmay_vboxes
D:3:      layout_basic, cheibriados_altar_1, uniq_natasha
D:4:      minmay_opposing_rooms, layout_basic, xom_confusion_cloud, zin_academy,
          lemuel_crystal_altar, nemelex_diamond_rough_becter,
          lemuel_crystal_altar, minmay_temple_entry_trees
D:5:      layout_basic, minmay_crystal_room
D:6:      layout_basic
D:7:      layout_cave_pods, okawaru_gym_becter, serial_glass, glass_columns_a,
          glass_columns_a, glass_columns_a, glass_columns_a,
          nrook_mini_backslash, grunt_ministairs_7
D:8:      layout_loops_ring, nicolae_kikubaaqudgha_miasma_corner,
          mainiacjoe_overflow_surrounded_room, uniq_pikel
D:9:      layout_basic, mainiacjoe_overflow_tiny_flanked,
          mainiacjoe_overflow_24_doors, nicolae_vehumet_radiance, serial_shops,
          shop_statue, minivault_13
Temple:   hellmonk_temple_beads

Notes
Turn   | Place    | Note
-------+----------+-------------------------------------------
     0 | D:1      | kae the Draconian Transmuter began the quest for the Orb.
     0 | D:1      | Reached XP level 1. HP: 16/16 MP: 3/3
     0 | D:1      | magus.rc [v1.11.3]
   302 | D:1      | You add the spells Gell's Gravitas, Teleport Other and
                  | Dispersal to your library.
   661 | D:1      | Reached skill level 1 in Poison Magic
   661 | D:1      | Reached XP level 2. HP: 10/23 MP: 3/5
   875 | D:2      | Found Uduonada's Jewellery Shop.
   931 | D:2      | Found Zaomaeps's Weapon Shoppe.
  1030 | D:2      | Found Ikkivuefan's Antique Armour Boutique.
  1101 | D:2      | Reached XP level 3. HP: 25/28 MP: 3/6
  1104 | D:2      | Learned a level 2 spell: Wereblood
  1108 | D:2      | Learned a level 3 spell: Spider Form
  1229 | D:2      | Found Dor Xioq's Antique Armour Shoppe.
  1407 | D:2      | Reached skill level 3 in Transmutations
  1759 | D:3      | Reached skill level 2 in Poison Magic
  1917 | D:3      | Reached XP level 4. HP: 35/35 MP: 5/7
  1965 | D:3      | Noticed Natasha
  1973 | D:3      | Killed Natasha
  2125 | D:3      | Found a snail-covered altar of Cheibriados.
  2141 | D:3      | You pick up a book of Flames and begin reading...
  2141 | D:3      | You add the spells Inner Flame, Sticky Flame and Flame Wave
                  | to your library.
  2409 | D:4      | Reached XP level 5. HP: 38/40 MP: 7/9
  2456 | D:4      | Reached skill level 1 in Ice Magic
  2466 | D:4      | Reached skill level 3 in Spellcasting
  2466 | D:4      | Reached skill level 4 in Transmutations
  2475 | D:4      | Found a staircase to the Ecumenical Temple.
  2477 | D:4      | You pick up a book of Debilitation and begin reading...
  2477 | D:4      | You add the spells Slow, Vampiric Draining and Confusing
                  | Touch to your library.
  2481 | D:4      | Found a stormy altar of Qazlal.
  2499 | D:4      | HP: 9/40 [scorpion (4)]
  2501 | D:4      | Reached skill level 2 in Ice Magic
  2501 | D:4      | Reached XP level 6. HP: 10/47 MP: 6/10
  2504 | Temple   | Entered the Ecumenical Temple
  2754 | D:4      | Found a glowing silver altar of Zin.
  3035 | D:4      | Reached skill level 3 in Ice Magic
  3049 | D:4      | Reached skill level 5 in Transmutations
  3078 | D:4      | Learned a level 4 spell: Ice Form
  3136 | D:4      | Found a sparkling altar of Nemelex Xobeh.
  3193 | D:4      | Your scales start taking on a glossy black colour.
  3193 | D:4      | Reached XP level 7. HP: 52/52 MP: 9/12
  3193 | D:4      | Gained mutation: You are resistant to electric shocks.
                  | (rElec) [Black Draconian growth]
  3586 | D:4      | Found a hazy altar of Hepliaklqana.
  3597 | D:4      | Found a shimmering altar of Xom.
  3859 | D:4      | Reached skill level 4 in Ice Magic
  4030 | D:5      | Entered Level 5 of the Dungeon
  4231 | D:5      | Reached skill level 4 in Spellcasting
  4458 | D:5      | Reached skill level 6 in Transmutations
  4595 | D:5      | You pick up a book of Conjurations and begin reading...
  4595 | D:5      | You add the spells Magic Dart, Searing Ray and Fulminant
                  | Prism to your library.
  4598 | D:5      | You pick up a book of Dangerous Friends and begin
                  | reading...
  4598 | D:5      | You add the spells Summon Guardian Golem, Orb of
                  | Destruction and Spellforged Servitor to your library.
  5039 | D:6      | Reached XP level 8. HP: 23/59 MP: 12/14
  5239 | D:6      | Reached skill level 5 in Ice Magic
  5360 | D:6      | Noticed a gargoyle
  5376 | D:6      | Killed a gargoyle
  5377 | D:6      | Reached skill level 7 in Transmutations
  5649 | D:6      | Reached skill level 6 in Ice Magic
  5719 | D:6      | Reached skill level 5 in Spellcasting
  6297 | D:7      | Reached XP level 9. HP: 64/64 MP: 12/17
  6346 | D:7      | You pick up a book of Vapours and begin reading...
  6346 | D:7      | You add the spells Poisonous Vapours, Mephitic Cloud and
                  | Freezing Cloud to your library.
  6371 | D:7      | Reached skill level 8 in Transmutations
  6502 | D:7      | Reached skill level 2 in Dodging
  6504 | D:7      | Found an iron altar of Okawaru.
  6954 | D:7      | Reached skill level 4 in Unarmed Combat
  7025 | D:7      | Reached skill level 2 in Fighting
  7850 | D:8      | Found a shadowy altar of Dithmenos.
  7893 | D:8      | Reached skill level 3 in Dodging
  8024 | D:8      | Reached skill level 3 in Fighting
  8024 | D:8      | Reached skill level 5 in Unarmed Combat
  8061 | D:8      | Reached skill level 6 in Spellcasting
  8224 | D:8      | Noticed Pikel
  8235 | D:8      | Killed Pikel
  8241 | D:8      | Reached XP level 10. HP: 68/78 MP: 17/19
  8428 | D:8      | Reached skill level 6 in Unarmed Combat
  8553 | D:8      | Found an ancient bone altar of Kikubaaqudgha.
  8565 | D:8      | Reached skill level 4 in Fighting
  8872 | D:9      | Found an opulent altar of Gozag.
  8875 | D:9      | Noticed a white ugly thing
  8893 | D:9      | Killed a white ugly thing
  8894 | D:9      | Reached skill level 4 in Dodging
  8894 | D:9      | Reached skill level 9 in Transmutations
  9010 | D:9      | You pick up a book of Transfigurations and begin reading...
  9010 | D:9      | You add the spells Irradiate, Blade Hands and Dragon Form
                  | to your library.
  9092 | D:9      | Found a sacrificial altar of Ru.
  9142 | D:9      | Became a worshipper of Ru the Awakened
  9293 | D:9      | Found a radiant altar of Vehumet.
  9564 | D:9      | Found Bytem's Magic Scroll Emporium.
  9572 | D:9      | Bought a scroll of identify for 30 gold pieces
  9572 | D:9      | Bought a scroll of identify for 30 gold pieces
  9602 | D:9      | Reached skill level 7 in Unarmed Combat
  9619 | D:9      | HP: 21/96 [yak (5)]
  9622 | D:9      | Reached skill level 5 in Fighting
  9863 | D:9      | Found a runed translucent door.
  9863 | D:9      | Noticed a centaur warrior
  9867 | D:9      | Noticed an ogre mage
  9872 | D:9      | Killed a centaur warrior
 10504 | D:9      | Noticed a manticore
 10504 | D:9      | Identified the ring "Uckuzeva" {Contam rN+ Will+ Int+2}
 10517 | D:9      | Killed a manticore
 10518 | D:9      | Reached skill level 7 in Spellcasting
 10520 | D:9      | Paralysed by something for 4 turns
 10521 | D:9      | HP: 3/97 [something/bolt of magma (47)]
 10525 | D:9      | Killed from afar by an ogre mage

Vanquished Creatures
  A centaur warrior (D:9)
  An ugly thing (D:9)
  Pikel (D:8)
  A gargoyle (D:6)
  A hornet (D:8)
  3 wyverns
  5 yaks (D:9)
  A wraith (D:9)
  2 steam dragons
  3 sky beasts (D:7)
  2 ice beasts (D:8)
  2 orc warriors (D:7)
  An ogre (D:4)
  2 centaurs
  3 lemures (D:8)
  2 phantoms (D:6)
  A kobold brigand (D:8)
  6 bullfrogs
  A gnoll sergeant (D:7)
  4 scorpions
  4 wights (D:8)
  6 killer bees (D:8)
  A howler monkey (D:5)
  8 hounds
  3 gnoll boudas
  3 orc priests
  8 iguanas
  2 jellies
  A sleepcap (D:5)
  Natasha (D:3)
  6 orc wizards
  12 adders
  12 gnolls
  A shadow imp (D:6)
  2 white imps
  An ufetubus (D:5)
  A worm (D:3)
  4 dart slugs
  29 orcs
  7 ball pythons
  6 bats
  6 endoplasms
  A giant cockroach (D:4)
  11 goblins
  7 hobgoblins
  8 jackals
  5 quokkas
  4 frilled lizards (D:2)
  12 kobolds
  10 rats
225 creatures vanquished.

Vanquished Creatures (collateral kills)
  A manticore (D:9)
1 creature vanquished.

Grand Total: 226 creatures vanquished

Table legend:
 A = Non-vault XP
 B = Vault XP
 C = Vault XP percentage of total XP
 D = Non-vault monster count
 E = Vault monster count
 F = Vault count percentage of total count
                 A         B        C        D         E       F
            +---------+---------+-------+---------+---------+-------
      Total |    8078 |    2357 |  22.6 |     195 |      28 |  12.6
            +---------+---------+-------+---------+---------+-------
        D:1 |      18 |       0 |   0.0 |      10 |       0 |   0.0
        D:2 |      33 |      22 |  40.0 |      21 |       7 |  25.0
        D:3 |      68 |      35 |  34.0 |      24 |       1 |   4.0
        D:4 |     618 |     240 |  28.0 |      34 |      15 |  30.6
        D:5 |     387 |       0 |   0.0 |      22 |       0 |   0.0
        D:6 |    1229 |       0 |   0.0 |      16 |       0 |   0.0
        D:7 |    1038 |     171 |  14.1 |      19 |       2 |   9.5
        D:8 |    1920 |     559 |  22.5 |      30 |       1 |   3.2
        D:9 |    2767 |    1330 |  32.5 |      19 |       2 |   9.5
            +---------+---------+-------+---------+---------+-------

Illustrated notes

Table legend:
 A = Kills in this place as a percentage of kills in the entire game.
 B = Kills by you in this place as a percentage of kills by you in the entire game.
 C = Kills by friends in this place as a percentage of kills by friends in the entire game.
 D = Other kills in this place as a percentage of other kills in the entire game.
 E = Experience gained in this place as a percentage of experience gained in the entire game.
 F = Experience gained in this place divided by the number of levels of this place that you have seen.
                   A       B       C       D       E      F
               +-------+-------+-------+-------+-------+----------------------
         Total | 100.0 | 100.0 | 100.0 |   N/A | 100.0 | 1043.5
       Dungeon | 100.0 | 100.0 | 100.0 |   N/A | 100.0 | 1159.4
               +-------+-------+-------+-------+-------+----------------------

Table legend: (Time is in decaauts)
 A = Elapsed time spent in this place.
 B = Non-inter-level travel time spent in this place.
 C = Inter-level travel time spent in this place.
 D = Time resting spent in this place.
 E = Time spent auto-exploring this place.
 F = Levels seen in this place.
 G = Mean time per level.
                   A        B        C        D        E       F      G
               +--------+--------+--------+--------+--------+-----+--------+
         Total |  10490 |  10318 |    172 |    119 |   8535 |  10 | 1049.0 |
       Dungeon |  10249 |  10089 |    160 |    119 |   8318 |   9 | 1138.8 |
        Temple |    241 |    229 |     12 |      0 |    217 |   1 |  241.0 |
               +--------+--------+--------+--------+--------+-----+--------+

Top non-repeatable levels by time:
     D:9: 1783 daAuts
     D:6: 1406 daAuts
     D:4: 1391 daAuts
     D:7: 1329 daAuts
     D:8: 1106 daAuts
     D:1: 881 daAuts
     D:5: 835 daAuts
     D:2: 767 daAuts
     D:3: 746 daAuts
  Temple: 241 daAuts
